 Dungeon Crawl Stone Soup version 0.31-a0-177-g4aa6249778 (webtiles) character file.

Game seed: 7344629705421320714

264 qw the Shooter (level 6, 0/56 HPs)
             Began as a Naga Hunter on June 17, 2023.
             Succumbed to an adder's poison
             ... on level 4 of the Dungeon.
             The game lasted 00:01:00 (2518 turns).

qw the Shooter (Naga Hunter)                        Turns: 2518, Time: 00:01:00

Health: 0/56       AC:  7    Str: 13    XL:     6   Next: 19%
Magic:  6/6        EV:  9    Int:  9    God:
Gold:   202        SH:  0    Dex: 17    Spells: 5/5 levels left

rFire   . . .        Y - +2 shortbow
rCold   . . .        (shield currently unavailable)
rNeg    + . .        c - +0 leather armour
rPois   +            j - +2 helmet
rElec   .            e - +0 cloak
rCorr   .            (no gloves)
SInv    +            (no barding)
Will    .....        (no amulet)
Stlth   ++           f - ring of positive energy
HPRegen 0.29/turn    (no ring)
MPRegen 0.10/turn

%: no passive effects
@: lethally poisoned (0 -> -1), very slow
A: AC +2, large, see invisible, deformed body, poison resistance, slowness 2,
spit poison 1, naga tail 1
a: Spit Poison


You were on level 4 of the Dungeon.
You visited 1 branch of the dungeon, and saw 4 of its levels.

You collected 202 gold pieces.


Innate Abilities, Weirdness & Mutations

Your serpentine skin is tough. (AC +2)
You have supernaturally acute eyesight. (SInv)
Armour fits poorly on your strangely shaped body.
Your system is resistant to poisons. (rPois)
You cover ground very slowly.
You can spit poison.
You have a snake-like lower body.


   Skills:
 + Level 3.2 Fighting
 - Level 6.1 Ranged Weapons
 - Level 1.5 Dodging
 - Level 1.5 Stealth


You had 5 spell levels left.
You didn't know any spells.
Your spell library was empty.

Inventory:

Hand Weapons
 Y - a +2 shortbow (weapon)
Armour
 c - a +0 leather armour (worn)
 e - a +0 cloak (worn)
 j - a +2 helmet (worn)
Jewellery
 d - a ring of fire
 f - a ring of positive energy (left hand)
Scrolls
 l - a scroll of identify
Potions
 a - a potion of enlightenment
 b - a potion of cancellation {unknown}
 g - 2 potions of curing
 h - a potion of mutation {unknown}
 i - a potion of attraction {unknown}

Dungeon Overview and Level Annotations

Branches:
Dungeon (4/15)
 Temple: D:4-7

Altars:

Shops:
D:4 *


Message History

2510 ||| INVOKING Spit Poison.
Aiming: Spit Poison (1% risk of failure)
Press: ? - help, Shift-Dir - straight line, f - adder, p - water moccasin The splash of poison hits the adder.
The adder is poisoned.
The adder is heavily wounded.
You feel very sick.
The water moccasin bites you but does no damage.
The adder bites you but does no damage. The water moccasin bites you.
The adder bites you but does no damage.
You shoot an arrow. The arrow misses the water moccasin.
You feel very sick. The water moccasin bites you. The adder barely misses you.
You shoot an arrow. The arrow hits the adder.
The adder is almost dead.
You feel very sick. The water moccasin bites you.
The adder bites you but does no damage. The water moccasin closely misses you.
You shoot an arrow. The arrow hits the adder!
You kill the adder!
You feel sick.
The water moccasin completely misses you.
The water moccasin bites you but does no damage.
You shoot an arrow.
The arrow closely misses the water moccasin.
You have got your breath back.
You feel sick. The water moccasin closely misses you.
You shoot an arrow. The arrow misses the water moccasin.
You feel sick. The water moccasin bites you.
The water moccasin completely misses you.
You shoot an arrow.
The arrow barely misses the water moccasin.
You feel sick. The water moccasin bites you.
You shoot an arrow. The arrow hits the water moccasin!
The water moccasin is almost dead.
You feel sick.
The water moccasin bites you but does no damage.
The water moccasin barely misses you.
You shoot an arrow. The arrow hits the water moccasin.
The water moccasin is almost dead.
You die...

#.# ##....##..#
#.# #......#.#
#.##........#
#...........###
#.....%......#
#..........#.#
##.....#####.#
###..##...#S#
#...+.\.'@#
##..#...### #
##.###
..#####.#
......#.# ####
.......<# #..#
%.......##
##..#
##.......#
#...##
#.......##
#....# ##


You could see a water moccasin.

Vanquished Creatures
  A phantom (D:4)
  An orc priest (D:3)
  4 gnolls (D:3)
  4 adders
  3 worms
  A dart slug (D:3)
  4 orcs (D:3)
  9 endoplasms
  3 giant cockroaches
  5 hobgoblins
  3 jackals (D:1)
  5 kobolds
  3 quokkas
  6 ball pythons
  4 bats
  3 frilled lizards
  8 goblins
  7 rats
74 creatures vanquished.

Notes
Turn   | Place    | Note
-------+----------+-------------------------------------------
     0 | D:1      | qw the Naga Hunter began the quest for the Orb.
     0 | D:1      | Reached XP level 1. HP: 19/19 MP: 1/1
     0 | D:1      | 0 ||| qw: Version: 0.3-a-5-g6f28e65
     0 | D:1      | 0 ||| qw: Game counter: 504
     0 | D:1      | 0 ||| qw: Always use a shield: true
     0 | D:1      | 0 ||| qw: God list: Okawaru
     0 | D:1      | 0 ||| qw: Allow faded altars: false
     0 | D:1      | 0 ||| qw: Do Orc after D:15 true
     0 | D:1      | 0 ||| qw: Do second Lair branch before Depths: true
     0 | D:1      | 0 ||| qw: Lair rune preference: random
     0 | D:1      | 0 ||| qw: Plans: Normal
     0 | D:1      | 0 ||| PLANNING D:1-11
    35 | D:1      | You fall into a shaft and drop 1 floor!
    52 | D:2      | 52 ||| INVOKING Spit Poison.
   134 | D:2      | 134 ||| DROPPING scroll of butterflies.
   142 | D:2      | 142 ||| INVOKING Spit Poison.
   237 | D:1      | 237 ||| INVOKING Spit Poison.
   240 | D:1      | 240 ||| INVOKING Spit Poison.
   242 | D:1      | Reached skill level 4 in Ranged Weapons
   242 | D:1      | Reached XP level 2. HP: 25/26 MP: 2/2
   245 | D:1      | 245 ||| INVOKING Spit Poison.
   248 | D:1      | HP: 6/26 [jackal (2)]
   250 | D:1      | 250 ||| INVOKING Spit Poison.
   356 | D:1      | 356 ||| INVOKING Spit Poison.
   367 | D:1      | 367 ||| INVOKING Spit Poison.
   386 | D:1      | 386 ||| INVOKING Spit Poison.
   392 | D:1      | 392 ||| INVOKING Spit Poison.
   440 | D:1      | 440 ||| INVOKING Spit Poison.
   448 | D:1      | 448 ||| INVOKING Spit Poison.
   449 | D:1      | Reached XP level 3. HP: 25/32 MP: 3/3
   531 | D:1      | 531 ||| INVOKING Spit Poison.
   535 | D:1      | 535 ||| INVOKING Spit Poison.
   671 | D:1      | 671 ||| INVOKING Spit Poison.
   675 | D:1      | 675 ||| INVOKING Spit Poison.
   851 | D:1      | 851 ||| INVOKING Spit Poison.
   858 | D:1      | 858 ||| INVOKING Spit Poison.
   863 | D:1      | 863 ||| INVOKING Spit Poison.
   905 | D:1      | 905 ||| UPGRADING to +0 cloak.
   910 | D:1      | 910 ||| UPGRADING to ring of positive energy.
   911 | D:1      | 911 ||| READING scroll labelled NUFYET PUDUI.
   912 | D:1      | 912 ||| READING scroll labelled ZUWUMEIGYE.
  1063 | D:2      | 1063 ||| DROPPING +3 sling.
  1090 | D:2      | 1090 ||| INVOKING Spit Poison.
  1111 | D:2      | 1111 ||| INVOKING Spit Poison.
  1159 | D:2      | 1159 ||| INVOKING Spit Poison.
  1347 | D:2      | 1347 ||| INVOKING Spit Poison.
  1491 | D:2      | 1491 ||| INVOKING Spit Poison.
  1495 | D:2      | 1495 ||| INVOKING Spit Poison.
  1517 | D:2      | 1517 ||| INVOKING Spit Poison.
  1548 | D:2      | 1548 ||| INVOKING Spit Poison.
  1563 | D:2      | 1563 ||| UPGRADING to +0 helmet.
  1568 | D:2      | 1568 ||| READING 2 scrolls labelled VEORAW EF GOPI.
  1569 | D:2      | 1569 ||| READING scroll of enchant armour.
  1569 | D:2      | 1569 ||| ENCHANTING +0 helmet.
  1570 | D:2      | 1570 ||| READING scroll labelled XOONOXZ BUXOUS.
  1571 | D:2      | 1571 ||| READING scroll labelled IZIMPO MUC MUO.
  1572 | D:2      | 1572 ||| READING scroll labelled GEUDUN KOSU.
  1573 | D:2      | 1573 ||| DRINKING 2 white potions.
  1654 | D:3      | 1654 ||| INVOKING Spit Poison.
  1663 | D:3      | 1663 ||| INVOKING Spit Poison.
  1664 | D:3      | 1664 ||| INVOKING Spit Poison.
  1668 | D:3      | 1668 ||| INVOKING Spit Poison.
  1669 | D:3      | Reached skill level 5 in Ranged Weapons
  1669 | D:3      | Reached XP level 4. HP: 35/39 MP: 4/4
  1670 | D:3      | 1670 ||| FLEEEEING.
  1671 | D:3      | 1671 ||| FLEEEEING.
  1674 | D:3      | 1674 ||| INVOKING Spit Poison.
  1687 | D:3      | 1687 ||| READING scroll of enchant armour.
  1687 | D:3      | 1687 ||| ENCHANTING +1 helmet.
  1692 | D:3      | 1692 ||| INVOKING Spit Poison.
  1696 | D:3      | Found a faded altar of an unknown god.
  1797 | D:3      | 1797 ||| INVOKING Spit Poison.
  1817 | D:3      | 1817 ||| INVOKING Spit Poison.
  1825 | D:3      | 1825 ||| Stepping ~*~*~tactically~*~*~ (outnumbered).
  1826 | D:3      | 1826 ||| INVOKING Spit Poison.
  1831 | D:3      | 1831 ||| INVOKING Spit Poison.
  1834 | D:3      | Reached skill level 3 in Fighting
  1837 | D:3      | 1837 ||| INVOKING Spit Poison.
  1839 | D:3      | Reached XP level 5. HP: 25/49 MP: 5/5
  1844 | D:3      | 1844 ||| INVOKING Spit Poison.
  1850 | D:3      | 1850 ||| INVOKING Spit Poison.
  1927 | D:3      | 1927 ||| INVOKING Spit Poison.
  1994 | D:3      | 1994 ||| INVOKING Spit Poison.
  2015 | D:3      | 2015 ||| INVOKING Spit Poison.
  2060 | D:3      | 2060 ||| INVOKING Spit Poison.
  2079 | D:3      | 2079 ||| INVOKING Spit Poison.
  2200 | D:3      | 2200 ||| INVOKING Spit Poison.
  2289 | D:3      | 2289 ||| READING scroll of enchant weapon.
  2289 | D:3      | 2289 ||| ENCHANTING +1 shortbow.
  2349 | D:3      | 2349 ||| READING scroll labelled NYKHECV TEUMOY.
  2353 | D:3      | 2353 ||| DRINKING 2 bubbling yellow potions.
  2354 | D:3      | 2354 ||| READING 2 scrolls of identify.
  2354 | D:3      | 2354 ||| IDENTIFYING red potion
  2355 | D:3      | 2355 ||| DROPPING potion of lignification.
  2405 | D:4      | 2405 ||| INVOKING Spit Poison.
  2408 | D:4      | Noticed a phantom
  2419 | D:4      | Killed a phantom
  2420 | D:4      | Reached skill level 6 in Ranged Weapons
  2420 | D:4      | Reached XP level 6. HP: 47/56 MP: 6/6
  2483 | D:4      | 2483 ||| INVOKING Spit Poison.
  2499 | D:4      | Found Ucakhlad's Serpentskin Sales.
  2499 | D:4      | Noticed a water moccasin
  2500 | D:4      | 2500 ||| INVOKING Spit Poison.
  2505 | D:4      | 2505 ||| INVOKING Spit Poison.
  2510 | D:4      | 2510 ||| INVOKING Spit Poison.
  2512 | D:4      | HP: 13/56 [water moccasin (3)]
  2515 | D:4      | HP: 5/56 [water moccasin (5)]
  2516 | D:4      | HP: 2/56 [water moccasin (3)]
  2518 | D:4      | Succumbed to an adder's poison

Levels and vault maps discovered:
D:1:      psy_arrival_fountain, layout_basic, minivault_11
D:2:      layout_loops_ring, kennysheep_potato
D:3:      layout_loops_ring, basic_ecumenical_altar, guppyfry_early_lair_pool
D:4:      layout_cave_pods, guppyfry_shop_venom

Skill      XL: |  1  2  3  4  5 |
---------------+----------------+-----
Ranged Weapons | 4 5 6 |  6.1
Fighting       | 3 |  3.2
Dodging        | |  1.5
Stealth        | |  1.5

Action                     |  1- 3 |  4- 6 || total
---------------------------+-------+-------++-------
   Fire: Shortbow          |    86 |    77 ||   163
Ability: Spit Poison       |    30 |    20 ||    50
    Use: Scroll            |     7 |     4 ||    11
         Potion            |     1 |     1 ||     2
 Armour: Leather armour    |    12 |    29 ||    41
  Dodge: Dodged            |    19 |    27 ||    46

Table legend:
 A = Non-vault XP
 B = Vault XP
 C = Vault XP percentage of total XP
 D = Non-vault monster count
 E = Vault monster count
 F = Vault count percentage of total count
                 A         B        C        D         E       F
            +---------+---------+-------+---------+---------+-------
      Total |     350 |      28 |   7.4 |      71 |       3 |   4.1
            +---------+---------+-------+---------+---------+-------
        D:1 |      48 |       0 |   0.0 |      29 |       0 |   0.0
        D:2 |      28 |       1 |   3.4 |      13 |       1 |   7.1
        D:3 |     166 |       0 |   0.0 |      24 |       0 |   0.0
        D:4 |     108 |      27 |  20.0 |       5 |       2 |  28.6
            +---------+---------+-------+---------+---------+-------
